 Dungeon Crawl Stone Soup version 0.30-a0-166-g5d06c95188 (webtiles) character file.

Game seed: 16247245988873807660

30 Malachi the Magician (level 3, -7/21 HPs)
             Began as an Octopode Air Elementalist on Sept 29, 2022.
             Mangled by Terence
             ... wielding a +0 flail of venom
              (9 damage)
             ... on level 2 of the Dungeon.
             The game lasted 00:01:52 (1669 turns).

Malachi the Magician (Octopode Air Elementalist)    Turns: 1669, Time: 00:01:53

Health: -7/21      AC:  1    Str:  7    XL:     3   Next: 18%
Magic:  3/7        EV: 13    Int: 19    God:
Gold:   39         SH:  0    Dex: 12    Spells: 5/8 levels left

rFire   . . .      SeeInvis .    c - +0 dagger
rCold   . . .      Faith    .    (no shield)
rNeg    . . .      Spirit   .    (helmet restricted)
rPois   .          Reflect  .    f - amulet of regeneration
rElec   .          Harm     .    (no ring)
rCorr   .          Rampage  .    (no ring)
Will    .....                    (no ring)
Stlth   +++.......               (no ring)
HPRegen 0.87/turn                (no ring)
MPRegen 0.10/turn                (no ring)
                                 (no ring)
                                 (no ring)

@: lethally poisoned (-7 -> -10)
A: almost no armour, amphibious, 8 rings, camouflage 1, gelatinous body 1,
(nimble swimmer 1), tentacles
a: no special abilities


You were on level 2 of the Dungeon.
You visited 1 branch of the dungeon, and saw 2 of its levels.

You collected 39 gold pieces.

Inventory:

Hand Weapons
 c - a +0 dagger (weapon)
Magical Staves
 e - a staff of earth
Jewellery
 f - an amulet of regeneration (around mantle)
Scrolls
 d - 3 scrolls of identify
Potions
 a - a potion of magic
 b - 2 potions of curing {unknown}
 h - a potion of haste {unknown}
 i - a potion of ambrosia {unknown}


   Skills:
 - Level 2.0 Dodging
 - Level 2.6 Stealth
 + Level 3.3 Spellcasting
 - Level 1.0 Conjurations
 - Level 3.0 Air Magic


You had 5 spell levels left.
You knew the following spells:

 Your Spells              Type           Power      Damage    Failure   Level
a - Shock                 Conj/Air       40%        1d5       6%          1
b - Static Discharge      Conj/Air       20%        2-3/arc   10%         2

Your spell library contained the following spells:

 Spells                   Type           Power      Damage    Failure   Level
 Swiftness                Air            14%        N/A       13%         3
 Airstrike                Air            7%         2d(1-17)  38%         4


Dungeon Overview and Level Annotations

Branches:
Dungeon (2/15)

Altars:
Wu Jian

Shops:
D:2 (

Annotations:
D:2 Terence


Innate Abilities, Weirdness & Mutations

You cannot wear most types of armour.
You are amphibious.
You can wear up to eight rings at the same time.
Your skin changes colour to match your surroundings (Stealth+).
Your rubbery body absorbs attacks. (AC +1, EV +1)
((You are camouflaged when in or above water. (Stealth+)))
You have tentacles for arms and can constrict up to eight enemies at once.


Message History

A jackal comes into view.
The jackal moves out of view.
Casting: Shock (safe; 6% risk of failure)
Confirm with . or Enter, or press ? or * to list all spells.
Terence is struck by an arc of lightning.
Terence is lightly wounded.
You are struck by an arc of lightning.
The lightning grounds out.
Terence hits you with a +0 flail of venom.
You are poisoned.
Unknown command.
Casting: Static Discharge (safe; 10% risk of failure)
Confirm with . or Enter, or press ? or * to list all spells.
Terence is struck by an arc of lightning.
Terence is moderately wounded.
You are struck by an arc of lightning.
Terence is struck by an arc of lightning.
Terence is heavily wounded.
The lightning grounds out.
You feel very sick. Terence barely misses you.
Unknown command.
Terence attacks as you move away!
Terence hits you with a +0 flail of venom.
You are lethally poisoned!
You feel very sick. Terence attacks as you move away!
Terence barely misses you.
* * * LOW HITPOINT WARNING * * *
You feel very sick.
As you read the scroll labelled ANAPRACVOXETZ, it crumbles to dust.
It is a scroll of identify.
g - a scroll of butterflies
* * * LOW HITPOINT WARNING * * *
You feel sick. Terence barely misses you.
As you read the scroll of butterflies, it crumbles to dust.
You hear the tinkle of a tiny bell.
* * * LOW HITPOINT WARNING * * *
You feel sick. Terence shouts, "Now you die!"
Terence hits you with a +0 flail of venom!
You die...

..# #.#..∩.. #.# #..#...#
#.# ######...#.#. #w#
#.........#..
..#####b####.###........
......bbb....# #.#.##.##
.#####b##...###...##.#
#b##.#.....####.##
#@##...#..#.......
...#####@####.#..........
.......bh# #.#.##.......
.....hb.b# #.#.........>
...h.bb.b####.####.......
.....######.....##.......
...#. #.......#....... ..
# #..._...######## .
#.......#


You could see Terence (ally target), a dart slug (wandering, ally target) and a
jackal (ally target).

Vanquished Creatures
  A worm (D:2)
  A dart slug (D:1)
  An endoplasm (D:1)
  6 hobgoblins
  2 kobolds
  A quokka (D:1)
  4 ball pythons (D:1)
  2 bats (D:1)
  4 frilled lizards
  2 goblins (D:1)
24 creatures vanquished.

Notes
Turn   | Place    | Note
-------+----------+-------------------------------------------
     0 | D:1      | Malachi the Octopode Air Elementalist began the quest for
                  | the Orb.
     0 | D:1      | Reached XP level 1. HP: 11/11 MP: 3/3
   208 | D:1      | Reached XP level 2. HP: 17/17 MP: 1/5
   836 | D:1      | Learned a level 2 spell: Static Discharge
  1299 | D:1      | Found a faded altar of an unknown god.
  1428 | D:2      | Found an ornate altar of the Wu Jian Council.
  1491 | D:2      | Found Ushryllea's Antique Weapon Boutique.
  1497 | D:2      | Reached XP level 3. HP: 21/21 MP: 4/7
  1644 | D:2      | Noticed Terence
  1669 | D:2      | Mangled by Terence

Illustrated notes

Levels and vault maps discovered:
D:1:      dpeg_arrival_central, layout_basic,
          hellmonk_ecumenical_altar_leap_of_faith
D:2:      layout_loops_cross, serial_shops, nicolae_diamond_shop, basic_altar,
          uniq_terence, uniq_robin

Skill      XL: |  1  2 |
---------------+-------+-----
Spellcasting   | 3 |  3.3
Dodging        | |  2.0
Stealth        | |  2.6
Conjurations   | |  1.0
Air Magic      | |  3.0

Action                   || total
-------------------------++-------
Melee: Dagger            ||    12
       Constrict         ||     3
       Tentacles         ||     2
 Cast: Shock             ||    43
       Static Discharge  ||     2
  Use: Scroll            ||     2
Dodge: Dodged            ||    11

Table legend: (Time is in decaauts)
 A = Elapsed time spent in this place.
 B = Non-inter-level travel time spent in this place.
 C = Inter-level travel time spent in this place.
 D = Time resting spent in this place.
 E = Time spent auto-exploring this place.
 F = Levels seen in this place.
 G = Mean time per level.
                   A        B        C        D        E       F      G
               +--------+--------+--------+--------+--------+-----+--------+
         Total |   1668 |   1630 |     38 |      0 |   1457 |   2 |  834.0 |
       Dungeon |   1668 |   1630 |     38 |      0 |   1457 |   2 |  834.0 |
               +--------+--------+--------+--------+--------+-----+--------+

Top non-repeatable levels by time:
     D:1: 1374 daAuts
     D:2: 293 daAuts
